 Dungeon Crawl Stone Soup version 0.30-a0-331-g8ab09dc110 (webtiles) character file.

Game seed: 1498713969973424154

15 gruber the Conjurer (level 2, 0/15 HPs)
             Began as a Tengu Conjurer on Oct 29, 2022.
             Succumbed to an adder's poison
             ... on level 2 of the Dungeon.
             The game lasted 00:00:28 (895 turns).

gruber the Conjurer (Tengu Conjurer)                 Turns: 895, Time: 00:00:29

Health: 0/15       AC:  2    Str:  7    XL:     2   Next: 50%
Magic:  4/6        EV: 12    Int: 18    God:
Gold:   37         SH:  0    Dex: 12    Spells: 4/5 levels left

rFire   + . .      SeeInvis .    l - staff of fire
rCold   . . .      Faith    .    (no shield)
rNeg    . . .      Spirit   .    a - +0 robe
rPois   .          Reflect  .    (helmet restricted)
rElec   .          Harm     .    (no cloak)
rCorr   .          Rampage  .    (no gloves)
Will    .....                    (boots unavailable)
Stlth   ++........               (no amulet)
HPRegen 0.22/turn                (no ring)
MPRegen 0.10/turn                (no ring)

@: lethally poisoned (0 -> -3)
A: beak, talons 3
a: no special abilities


You were on level 2 of the Dungeon.
You visited 1 branch of the dungeon, and saw 2 of its levels.

You collected 37 gold pieces.

Inventory:

Armour
 a - a +0 robe (worn)
Magical Staves
 l - a staff of fire (weapon)
Scrolls
 c - a scroll of teleportation {unknown}
 e - a scroll of enchant armour {unknown}
 h - a scroll of identify {unknown}
 m - a scroll of noise {unknown}
Potions
 b - a potion of magic
 d - a potion of invisibility {unknown}
 f - a potion of cancellation {unknown}
 g - a potion of heal wounds {unknown}
 i - a potion of mutation {unknown}
 j - a potion of degeneration {unknown}
 k - a potion of curing {unknown}


   Skills:
 - Level 2.1 Dodging
 - Level 2.0 Stealth
 - Level 2.0 Spellcasting
 + Level 6.2 Conjurations


You had 4 spell levels left.
You knew the following spells:

 Your Spells              Type           Power      Damage    Failure   Level
a - Magic Dart            Conj           96%        1d7       1%          1

Your spell library contained the following spells:

 Spells                   Type           Power      Damage    Failure   Level
 Searing Ray              Conj           48%        2d6       2%          2
 Dazzling Flash           Conj/Hex       24%        N/A       16%         3
 Fulminant Prism          Conj/Hex       6%         3d6       45%         4
 Iskenderun's Mystic Bla  Conj/Tloc      12%        2d5       45%         4


Dungeon Overview and Level Annotations

Branches:
Dungeon (2/15)

Altars:


Innate Abilities, Weirdness & Mutations

You have a beak for a mouth.
You have claws for feet.


Message History

The adder hisses angrily.
The magic dart hits the adder.
The adder is lightly wounded.
An adder is nearby!
The adder bites you.
You barely miss the adder.
The adder is lightly wounded.
The adder barely misses you. x2
You closely miss the adder. Your kick misses the adder.
The adder is lightly wounded.
The adder barely misses you.
You closely miss the adder.
The adder is lightly wounded.
The adder bites you but does no damage. The adder bites you.
You are poisoned.
The adder poisons you!
You barely miss the adder.
The adder is lightly wounded.
You feel sick. The adder bites you.
You are too injured to fight recklessly!
You are too injured to fight recklessly!
You are too injured to fight recklessly!
Casting: Magic Dart (safe; 1% risk of failure)
Confirm with . or Enter, or press ? or * to list all spells.
Aiming: Magic Dart (safe; 1% risk of failure)
Press: ? - help, Shift-Dir - straight line, f/p - adder
Aim: an adder (lightly wounded, 100% to hit)
The magic dart hits the adder.
The adder is lightly wounded.
You feel sick. The adder bites you but does no damage. The adder bites you.
* * * LOW HITPOINT WARNING * * *
Unknown command.
Casting: Magic Dart (safe; 1% risk of failure)
Confirm with . or Enter, or press ? or * to list all spells.
Aiming: Magic Dart (safe; 1% risk of failure)
Press: ? - help, Shift-Dir - straight line, f/p - adder
Aim: an adder (lightly wounded, 100% to hit)
The magic dart hits the adder.
The adder is heavily wounded.
You die...

.. .# .# .# .. ..
.#.## .... #.(# .)
#S.# ... #@.#
...######..#
...........#
........##.#
........##.#
........##.# #
......#.........#
.##.....##....##..#
.......#
#........###


You could see an adder.

Vanquished Creatures
  A worm (D:2)
  A dart slug (D:2)
  A ball python (D:1)
  3 goblins (D:2)
  2 bats (D:1)
  2 kobolds
  A rat (D:1)
11 creatures vanquished.

Notes
Turn   | Place    | Note
-------+----------+-------------------------------------------
     0 | D:1      | gruber the Tengu Conjurer began the quest for the Orb.
     0 | D:1      | Reached XP level 1. HP: 10/10 MP: 4/4
   778 | D:2      | Reached skill level 6 in Conjurations
   778 | D:2      | Reached XP level 2. HP: 15/15 MP: 1/6
   895 | D:2      | Succumbed to an adder's poison

Illustrated notes

Levels and vault maps discovered:
D:1:      psy_arrival_dodecagon, layout_loops_ring
D:2:      layout_basic, minmay_circle_x

Skill      XL: |  1 |
---------------+----+-----
Conjurations   | 6 |  6.2
Dodging        | |  2.1
Stealth        | |  2.0
Spellcasting   | |  2.0

Action                   || total
-------------------------++-------
Melee: Staff             ||    12
       Kick              ||     5
 Cast: Magic Dart        ||    15
Armor: Robe              ||     2
Dodge: Dodged            ||    12

Table legend: (Time is in decaauts)
 A = Elapsed time spent in this place.
 B = Non-inter-level travel time spent in this place.
 C = Inter-level travel time spent in this place.
 D = Time resting spent in this place.
 E = Time spent auto-exploring this place.
 F = Levels seen in this place.
 G = Mean time per level.
                   A        B        C        D        E       F      G
               +--------+--------+--------+--------+--------+-----+--------+
         Total |    896 |    851 |     45 |      0 |    779 |   2 |  448.0 |
       Dungeon |    896 |    851 |     45 |      0 |    779 |   2 |  448.0 |
               +--------+--------+--------+--------+--------+-----+--------+

Top non-repeatable levels by time:
     D:1: 756 daAuts
     D:2: 140 daAuts
